 Dungeon Crawl Stone Soup version 0.19-a0-1587-gaef70b6 (webtiles) character file.

1454 Amnesiac the Cleaver (level 8, -3/111 HPs)
             Began as a Hill Orc Berserker on Sept 17, 2016.
             Was a Priest of Trog.
             Slain by an orc warrior
             ... wielding a +2 long sword of electrocution
              (10 damage)
             ... on level 6 of the Dungeon.
             The game lasted 00:09:43 (4859 turns).

Amnesiac the Cleaver (Hill Orc Berserker)           Turns: 4859, Time: 00:09:44

Health: -3/111     AC: 12    Str: 25    XL:     8   Next: 76%
Magic:  17/17      EV: 10    Int:  7    God:    Trog [***...]
Gold:   220        SH:  0    Dex: 12    Spells: 0 memorised, 7 levels left

rFire  . . .     SeeInvis .     F - +1 war axe
rCold  + . .     Gourm    .     I - +0 scale mail {rC+}
rNeg   . . .     Faith    .     (no shield)
rPois  .         Spirit   .     o - +0 helmet
rElec  .         Dismiss  .     (no cloak)
rCorr  .         Reflect  .     e - +0 pair of gloves
MR     .....     Harm     .     (no boots)
Stlth  ..........               (no amulet)
                                y - +4 ring of protection
                                t - ring of magical power

@: berserking, very quick
A: no striking features
a: Berserk, Trog's Hand, Burn Spellbooks, Renounce Religion


You were on level 6 of the Dungeon.
You worshipped Trog.
Trog was most pleased with you.
You were hungry.

You visited 1 branch of the dungeon, and saw 6 of its levels.

You collected 220 gold pieces.

Inventory:

Hand Weapons
 F - a +1 war axe (weapon)
Armour
 e - a +0 pair of gloves (worn)
 o - a +0 helmet (worn)
 I - a +0 scale mail of cold resistance (worn)
Jewellery
 t - a ring of magical power (left hand)
 y - a +4 ring of protection (right hand)
Wands
 p - a wand of slowing (24/48)
 B - a wand of random effects (30/48)
 C - a wand of slowing (18/48)
Scrolls
 i - 2 scrolls of blinking
 j - 3 scrolls of amnesia {unknown}
 k - 2 scrolls of identify
 l - a scroll of fear {unknown}
 r - 2 scrolls of magic mapping {unknown}
 s - a scroll of teleportation {unknown}
 u - 3 scrolls of remove curse
Potions
 a - a potion of resistance {unknown}
 b - 2 potions of invisibility
 d - a potion of flight {unknown}
 f - 4 potions of haste {unknown}
 m - a potion of magic {unknown}
 n - 2 potions of curing {unknown}
 v - a potion of berserk rage {unknown}
 z - 2 potions of cure mutation {unknown}
 A - 2 potions of heal wounds
 G - a potion of degeneration {unknown}
 H - 2 potions of lignification {unknown}
Comestibles
 c - 5 bread rations
 g - 5 chunks of flesh
 q - a meat ration
 w - 7 fruits


   Skills:
 + Level 8.2 Fighting
 * Level 11.6 Axes
 - Level 2.1 Armour
 - Level 1.5 Dodging


You had 7 spell levels left.
You didn't know any spells.

Dungeon Overview and Level Annotations

Branches:
Dungeon (6/15)             Temple (0/1) D:6

Altars:
Gozag
Hepliaklqana
Nemelex Xobeh
Yredelemnul


Message History

You hit the orc warrior.
The orc warrior is moderately wounded.
You barely miss the orc warrior.
The orc warrior is moderately wounded.
You barely miss the orc warrior.
The orc warrior is moderately wounded.
You hit the orc.
The orc warrior hits you with a long sword of electrocution!
* * * LOW HITPOINT WARNING * * *
The orc hits you with a mace.
* * * LOW HITPOINT WARNING * * *
You slice the orc warrior!!
The orc warrior is almost dead.
You closely miss the orc.
Unknown command.
You barely miss the orc warrior.
The orc warrior is almost dead.
You closely miss the orc.
The orc warrior hits you with a long sword of electrocution!
You die...

##...#......#
#...##..##..#
#...##..##..#
#######..รท.......######
##.<..##..#.......##...##
#.........#........'....#
#.....##S.##.......#....#
##....##o###..##..##...(#
#.######@o######..##...##
#..........# #...#######
#.......)..# #...#.....#
#.......)..# #...'.....#
##..#...[..# ##..##...##
########### #########


You could see an orc warrior, an adder and an orc.

Vanquished Creatures
  Sigmund (D:2)
  Duvessa (D:4)
  A black bear (D:6)
  An ogre (D:6)
  A phantom (D:4)
  A bullfrog (D:6)
  Dowan (D:4)
  A scorpion (D:5)
  A howler monkey (D:6)
  2 crimson imps (D:6)
  2 hounds
  3 jellies
  Ijyb (D:2)
  2 iguanas
  6 worker ants
  A hound skeleton (D:6)
  6 adders
  8 gnolls
  A howler monkey skeleton (D:6)
  2 shadow imps
  5 worms
  2 dart slugs (D:1)
  4 leopard geckos
  5 orcs
  3 giant cockroaches
  11 goblins
  3 hobgoblins
  3 quokkas
  3 ball pythons
  10 bats
  A frilled lizard (D:2)
  7 kobolds
  13 rats
113 creatures vanquished.

Notes
Turn   | Place    | Note
-------+----------+-------------------------------------------
     0 | D:1      | Amnesiac the Hill Orc Berserker began the quest for the Orb.
     0 | D:1      | Reached XP level 1. HP: 19/19 MP: 1/1
   127 | D:1      | Reached XP level 2. HP: 22/27 MP: 2/2
   259 | D:1      | Reached skill level 5 in Axes
   475 | D:1      | Reached XP level 3. HP: 25/33 MP: 3/3
   499 | D:1      | Reached ** piety under Trog
   968 | D:2      | Noticed Ijyb
   997 | D:2      | Killed Ijyb
   997 | D:2      | Reached XP level 4. HP: 32/41 MP: 4/4
  1095 | D:2      | Noticed Sigmund
  1112 | D:2      | Killed Sigmund
  1112 | D:2      | Reached skill level 5 in Fighting
  1112 | D:2      | Reached skill level 7 in Axes
  1112 | D:2      | Reached XP level 5. HP: 48/48 MP: 5/5
  1112 | D:2      | Reached XP level 6. HP: 56/56 MP: 6/6
  2833 | D:4      | Reached *** piety under Trog
  2834 | D:4      | Noticed Dowan
  2836 | D:4      | Noticed Duvessa
  2848 | D:4      | Killed Duvessa
  2848 | D:4      | Reached skill level 8 in Axes
  2848 | D:4      | Reached XP level 7. HP: 63/63 MP: 7/7
  2857 | D:4      | Killed Dowan
  2922 | D:4      | Reached skill level 9 in Axes
  3431 | D:4      | Found a basalt altar of Yredelemnul.
  3747 | D:4      | Found a hazy altar of Hepliaklqana.
  3757 | D:4      | Found a sparkling altar of Nemelex Xobeh.
  3757 | D:4      | Found an opulent altar of Gozag.
  3856 | D:5      | Entered Level 5 of the Dungeon
  3985 | D:5      | Reached skill level 10 in Axes
  3985 | D:5      | Reached XP level 8. HP: 68/73 MP: 8/8
  4406 | D:6      | Reached skill level 11 in Axes
  4447 | D:6      | Found a staircase to the Ecumenical Temple.
  4859 | D:6      | Slain by an orc warrior

Vault maps used:
D:1:      shiori_arrival_oz, roderic_lattice_a, minmay_pentomino_s2
D:2:      wad_river_or_something, uniq_iyjb, uniq_sigmund
D:3:      minmay_misc_feat_secret_circle, kennysheep_generic_room_12
D:4:      grunt_temple_overflow_opulence, old_standard_altar,
          overflow_temple_1_default, uniq_duvessa
D:5:      first_bread
D:6:      marbit_many_paths

Skill      XL: |  1  2  3  4  5  6  7  8 |
---------------+-------------------------+-----
Axes           | 5 7 8 10 11 | 11.6
Fighting       | 4 5 6 7 8 |  8.2
Armour         | |  2.1
Dodging        | |  1.5

Action                   |  1- 3 |  4- 6 |  7- 9 || total
-------------------------+-------+-------+-------++-------
Melee: Hand axe          |   129 |   159 |   125 ||   413
       War axe           |       |       |   124 ||   124
Invok: Berserk           |       |     2 |     1 ||     3
  Use: Scroll            |     1 |       |     5 ||     6
  Eat: Chunk             |       |     8 |     7 ||    15
Armor: Animal skin       |    15 |       |       ||    15
       Ring mail         |    35 |    51 |    81 ||   167
       Scale mail        |       |       |    17 ||    17
Dodge: Dodged            |    77 |    62 |    98 ||   237
